 Seeded DCSS version 0.29-a0-555-g3b24f45cc1 (webtiles) character file.

Game seed: 8675309 (custom seed)

571 thriggle the Skirmisher (level 7, -22/48 (52) HPs)
             Began as a Barachi Wanderer on June 7, 2022.
             Was a Priest of Cheibriados.
             Killed from afar by Ijyb (27 damage)
             ... with a bolt of acid
             ... on level 5 of the Dungeon.
             The game lasted 00:17:30 (5165 turns).

thriggle the Skirmisher (Barachi Wanderer)          Turns: 5165, Time: 00:17:30

HP:   -22/48 (52)   AC:  8    Str: 17    XL:     7   Next: 34%
MP:   11/11         EV:  6    Int: 24    God:    Cheibriados [***...]
Gold: 195           SH:  0    Dex: 16    Spells: 5/12 levels left

rFire   . . .      SeeInvis .   A - +0 long sword
rCold   . . .      Faith    .   (no shield)
rNeg    . . .      Spirit   .   w - +0 plate armour
rPois   .          Reflect  .   (no helmet)
rElec   .          Harm     .   (no cloak)
rCorr   .          Rampage  .   (no gloves)
Will    .....                   d - +0 pair of boots
Stlth   ..........              (no amulet)
HPRegen 0.16/turn               (no ring)
MPRegen 0.12/turn               (no ring)

@: corroded, drained, very slow
A: amphibious, slowness 1, strong legs 1, +LOS
a: Hop, Renounce Religion, Bend Time, Temporal Distortion


You were on level 5 of the Dungeon.
You worshipped Cheibriados.
Cheibriados was most pleased with you.
You visited 1 branch of the dungeon, and saw 5 of its levels.

You collected 195 gold pieces.

Inventory:

Hand Weapons
 a - a +0 club
 e - a +0 mace
 h - a +0 dagger
 j - a +0 falchion
 A - a +0 long sword (weapon)
Missiles
 x - 2 poisoned darts
 y - 64 stones
Armour
 c - a +0 robe
 d - a +0 pair of boots (worn)
 u - a +0 leather armour
 w - a +0 plate armour (worn)
Jewellery
 o - a ring of protection from cold
 B - a ring of ice
Wands
 C - a wand of charming (7)
Scrolls
 f - a scroll of noise
 g - a scroll of immolation
 l - a scroll of teleportation
 m - 2 scrolls of enchant weapon
 p - a scroll of vulnerability
 v - a scroll of amnesia
Potions
 b - a potion of lignification
 i - 4 potions of curing
 k - a potion of cancellation
 n - a potion of degeneration {unknown}
 q - a potion of might
 r - a potion of flight {unknown}
 s - a potion of berserk rage
 t - a potion of brilliance {unknown}
 z - a potion of attraction {unknown}


   Skills:
 + Level 3.5 Fighting
 - Level 0.1(1.5) Short Blades
 * Level 2.8 Long Blades
 * Level 2.8 Armour
 + Level 3.3 Dodging
 + Level 2.3 Stealth
 + Level 3.0 Spellcasting
 + Level 2.4 Conjurations
 - Level 3.0 Transmutations
 + Level 2.0 Air Magic
 + Level 1.5 Invocations
 + Level 2.1 Evocations


You had 5 spell levels left.
You knew the following spells:

 Your Spells              Type           Power      Damage    Failure   Level
a - Sting                 Tmut/Pois      40%        1d5       96%         1
b - Searing Ray           Conj           30%        2d5       96%         2
c - Static Discharge      Conj/Air       14%        N/A       97%         2
d - Wereblood             Tmut           18%        N/A       94%         2

Your spell library contained the following spells:

 Spells                   Type           Power      Damage    Failure   Level
 Spider Form              Tmut/Pois      10%        N/A       100%        3


Dungeon Overview and Level Annotations

Branches:
Dungeon (5/15)
 Temple: D:4-7

Altars:
Cheibriados
Xom

Annotations:
D:5 Ijyb


Innate Abilities, Weirdness & Mutations

You are amphibious.
You cover ground slowly.
You can hop short distances.
You have an extended range of vision and can be seen from far away.


Message History

You closely miss the necrophage.
The necrophage is almost destroyed.
The necrophage hits you but does no damage.
The necrophage hits you.
You feel drained.
You hit the necrophage.
The necrophage is almost destroyed.
The necrophage hits you but does no damage.
You hit the necrophage.
You destroy the necrophage!
Cheibriados thoroughly appreciates the change of pace.
You can now warp the flow of time around you.
Your Air Magic skill increases to level 2!
You see here a necrophage corpse.
o - a scroll of identify
As you read the scroll of identify, it crumbles to dust.
v - a scroll of amnesia You see here a necrophage corpse.
Found a shortbow.
You now have 195 gold pieces (gained 9).
Found 9 gold pieces.
o - a ring of protection from cold Ijyb the Twisted Goblin comes into view.
She is wielding a +0 dagger, wearing a +2 ring mail of fire resistance and carrying a wand of acid (11).
Ijyb shouts!
You hear a bark!
Ijyb zaps a wand.
The bolt of acid hits you!!
* * * LOW HITPOINT WARNING * * *
A hound comes into view.
Ijyb screams, "Die!"
The hound barely misses you. The hound bites you but does no damage.
Ijyb hits you but does no damage. The hound bites you.
* * * LOW HITPOINT WARNING * * *
Okay, then.
You feel much better. The hound barely misses you.
Ijyb zaps a wand.
The bolt of acid hits you!!
Ouch! That really hurt!
* * * LOW HITPOINT WARNING * * *
The acid corrodes you!
You closely miss Ijyb.
The hound closely misses you. x2; Ijyb zaps a wand.
The bolt of acid hits you!!
Ouch! That really hurt!
You die...

.# #........# .#
###........# ..
...........+ .#
...........# .# .#
..........# ..+ #.#
..$.....# ...# <.#
......####... ..#
#hg.......# ..#
+.@.......# ..#
###+###.........# ###
#...............##
#########................#
#........................#
...................>)....#
........#...######.......#
........#..†# #......##
........#...## #.######


You could see Ijyb and a hound.

Vanquished Creatures
  2 phantoms
  A necrophage (D:5)
  A scorpion (D:4)
  3 jellies
  A hound (D:3)
  2 gnolls (D:1)
  6 adders
  2 worms (D:2)
  5 dart slugs
  4 orcs (D:3)
  6 ball pythons
  An endoplasm (D:4)
  A giant cockroach (D:3)
  4 goblins
  2 hobgoblins
  2 iguanas
  4 jackals (D:1)
  5 kobolds
  3 quokkas
  7 bats
  3 frilled lizards
  4 rats (D:1)
69 creatures vanquished.

Notes
Turn   | Place    | Note
-------+----------+-------------------------------------------
     0 | D:1      | thriggle the Barachi Wanderer began the quest for the Orb.
     0 | D:1      | thriggle set off with the following items: a +0 club, a
                  | potion of lignification, a +0 robe, a +0 pair of boots; and
                  | the following spell memorised: Sting; and the following
                  | spells available to memorise: Wereblood, Searing Ray,
                  | Static Discharge, Spider Form
     0 | D:1      | Reached XP level 1. HP: 17/17 MP: 3/3
   425 | D:1      | Reached XP level 2. HP: 23/23 MP: 5/5
   428 | D:1      | Learned a level 2 spell: Searing Ray
   722 | D:1      | Reached XP level 3. HP: 12/28 MP: 3/6
  1010 | D:1      | Found a faded altar of an unknown god.
  1013 | D:1      | Prayed at the altar of an unknown god.
  1013 | D:1      | Became a worshipper of Cheibriados the Contemplative
  1013 | D:1      | Reached * piety under Cheibriados
  1507 | D:1      | Learned a level 2 spell: Static Discharge
  1766 | D:2      | Reached XP level 4. HP: 31/34 MP: 2/7
  1954 | D:2      | Reached skill level 1 in Stealth
  2411 | D:2      | Reached ** piety under Cheibriados
  2412 | D:2      | Reached skill level 1 in Long Blades
  2896 | D:3      | Reached skill level 1 in Armour
  3196 | D:3      | Reached XP level 5. HP: 41/41 MP: 8/8
  3358 | D:3      | Learned a level 2 spell: Wereblood
  3373 | D:3      | Found a shimmering altar of Xom.
  3477 | D:3      | Reached skill level 1 in Air Magic
  3485 | D:3      | Reached skill level 1 in Invocations
  3842 | D:4      | Noticed a phantom
  4110 | D:4      | Killed a phantom
  4111 | D:4      | Reached XP level 6. HP: 25/47 MP: 10/10
  5013 | D:5      | Entered Level 5 of the Dungeon
  5053 | D:5      | Reached XP level 7. HP: 41/52 MP: 11/11
  5138 | D:5      | Reached *** piety under Cheibriados
  5161 | D:5      | Noticed Ijyb
  5165 | D:5      | Killed from afar by Ijyb

Illustrated notes

Levels and vault maps discovered:
D:1:      eino_arrival_water_cross, layout_basic,
          hellmonk_ecumenical_altar_inner_sanctum
D:2:      layout_loops_ring
D:3:      layout_loops_ring, dk_xom_monty_hall
D:4:      layout_rooms
D:5:      minmay_goblin_kobold_castle, layout_basic,
          nicolae_ru_the_path_less_chosen, mainiacjoe_overflow_boulevard,
          serial_curves, eino_curves_02, eino_curves_04, uniq_ijyb

Skill      XL: |  1  2  3  4  5  6  7 |
---------------+----------------------+-----
Stealth        | 1 2 |  2.3
Long Blades    | 1 2 |  2.8
Fighting       | 3 |  3.5
Armour         | 1 2 |  2.8
Air Magic      | 1 2 |  2.0
Evocations     | 2 |  2.1
Invocations    | 1 |  1.5
Conjurations   | 2 |  2.4
Dodging        | 3 |  3.3
Transmutations | 3 |  3.0
Spellcasting   | 3 |  3.0
Short Blades   | |  0.1

Action                   |  1- 3 |  4- 6 |  7- 9 || total
-------------------------+-------+-------+-------++-------
Melee: Mace              |    12 |       |       ||    12
       Dagger            |     6 |       |       ||     6
       Falchion          |    44 |   118 |       ||   162
       Long sword        |       |     6 |    24 ||    30
Throw: Dart              |       |     2 |       ||     2
       Stone             |       |     1 |       ||     1
 Cast: Sting             |    16 |     8 |       ||    24
       Searing Ray       |     5 |    13 |       ||    18
       Wereblood         |       |     1 |       ||     1
  Use: Scroll            |       |     5 |     1 ||     6
       Potion            |       |     5 |     1 ||     6
 Stab: Sleeping          |       |     2 |       ||     2
Armor: Robe              |    27 |     8 |       ||    35
       Leather armour    |       |     7 |       ||     7
       Plate armour      |       |    74 |    18 ||    92
Dodge: Dodged            |    83 |    61 |     7 ||   151

Table legend: (Time is in decaauts)
 A = Elapsed time spent in this place.
 B = Non-inter-level travel time spent in this place.
 C = Inter-level travel time spent in this place.
 D = Time resting spent in this place.
 E = Time spent auto-exploring this place.
 F = Levels seen in this place.
 G = Mean time per level.
                   A        B        C        D        E       F      G
               +--------+--------+--------+--------+--------+-----+--------+
         Total |   7080 |   6669 |    411 |   1313 |   4005 |   5 | 1416.0 |
       Dungeon |   7080 |   6669 |    411 |   1313 |   4005 |   5 | 1416.0 |
               +--------+--------+--------+--------+--------+-----+--------+

Top non-repeatable levels by time:
     D:1: 2097 daAuts
     D:3: 2054 daAuts
     D:2: 1380 daAuts
     D:4: 1320 daAuts
     D:5: 227 daAuts
